 Dungeon Crawl Stone Soup version 0.28-a0-297-g99b01970c5 (webtiles) character file.

Game seed: 13857838377213412256

3885 MirrMurr the Thrower (level 10, -2/77 HPs)
             Began as a Gnoll Hunter on Aug 29, 2021.
             Was a Follower of Cheibriados.
             Killed by divine providence
             ... invoked by an orc priest
              (13 damage)
             ... on level 8 of the Dungeon.
             The game lasted 00:49:04 (11266 turns).

MirrMurr the Thrower (Gnoll Hunter)                Turns: 11266, Time: 00:49:06

Health: -2/77      AC:  9    Str: 14    XL:     10   Next: 19%
Magic:  17/17      EV: 15    Int: 21    God:    Cheibriados [*.....]
Gold:   413        SH:  5    Dex: 15    Spells: 10/19 levels left

rFire   . . .      SeeInvis +   a - +1 spear (venom)
rCold   . . .      Faith    .   (no shield)
rNeg    . . .      Spirit   .   d - +0 steam dragon scales
rPois   .          Reflect  +   g - +0 helmet
rElec   .          Harm     .   r - +1 cloak
rCorr   .          Rampage  .   (no gloves)
Will    .....                   (no boots)
Stlth   +++.......              q - amulet of reflection
HPRegen 0.22/turn               y - ring of see invisible
MPRegen 0.15/turn               i - +6 ring of intelligence

@: very slow
A: fangs 1, strong nose, distributed training
a: Renounce Religion, Bend Time


You were on level 8 of the Dungeon.
You worshipped Cheibriados.
Cheibriados was aware of your devotion.
You visited 2 branches of the dungeon, and saw 9 of its levels.

You collected 413 gold pieces.

Inventory:

Hand Weapons
 a - a +1 spear of venom (weapon)
 b - a +4 scimitar of flaming
 s - a +0 trident
 w - a +0 short sword
Missiles
 c - 5 javelins
 l - 66 stones (quivered)
 o - 80 sling bullets
 A - 9 boomerangs
Armour
 d - +0 steam dragon scales (worn)
 g - a +0 helmet (worn)
 r - a +1 cloak (worn)
Jewellery
 i - a +6 ring of intelligence (right hand)
 n - a ring of magical power
 q - an amulet of reflection (around neck)
 y - a ring of see invisible (left hand)
 D - a ring of resist corrosion
Wands
 p - a wand of digging (9)
 t - a wand of flame (32)
Scrolls
 e - 3 scrolls of identify
 f - 3 scrolls of teleportation
 m - a scroll of blinking
 B - a scroll of enchant weapon
 C - a scroll of fear
Potions
 j - 2 potions of lignification
 k - 3 potions of mutation
 u - 2 potions of brilliance
 v - 2 potions of might {unknown}
 x - 3 potions of curing
 z - a potion of resistance


   Skills:
 + Level 6.9 Fighting
 + Level 5.0 Short Blades
 + Level 5.0 Long Blades
 + Level 5.0 Axes
 + Level 5.0 Maces & Flails
 + Level 5.0 Polearms
 + Level 5.0 Staves
 + Level 5.0 Slings
 + Level 5.0 Bows
 + Level 5.0 Crossbows
 + Level 9.9 Throwing
 + Level 5.0 Armour
 + Level 6.9 Dodging
 + Level 5.6 Stealth
 + Level 5.0 Shields
 + Level 5.0 Unarmed Combat
 + Level 5.0 Spellcasting
 + Level 4.1 Conjurations
 + Level 4.1 Hexes
 + Level 4.1 Summonings
 + Level 4.1 Necromancy
 + Level 4.1 Translocations
 + Level 4.1 Transmutations
 + Level 4.1 Fire Magic
 + Level 4.1 Ice Magic
 + Level 4.1 Air Magic
 + Level 4.1 Earth Magic
 + Level 4.1 Poison Magic
 + Level 5.5 Invocations
 + Level 5.0 Evocations


You had 10 spell levels left.
You knew the following spells:

 Your Spells              Type           Power      Damage    Failure   Level
a - Poisonous Vapours     Pois/Air       44%        N/A       3%          2
l - Leda's Liquefaction   Hex/Erth       11%        N/A       19%         4
P - Portal Projectile     Hex/Tloc       44%        N/A       6%          3

Your spell library contained the following spells:

 Spells                   Type           Power      Damage    Failure   Level
 Corpse Rot               Necr/Air       N/A        N/A       3%          2
 Call Canine Familiar     Summ           22%        N/A       6%          3
 Fulminant Prism          Conj/Hex       11%        3d9       19%         4
 Iskenderun's Mystic Bla  Conj/Tloc      22%        2d6       19%         4
 Freezing Cloud           Conj/Ice/Air   11%        6-21      47%         5
 Lee's Rapid Deconstruct  Erth           11%        3d9*      47%         5


Dungeon Overview and Level Annotations

Branches:
Dungeon (8/15)             Temple (1/1) D:6
   Lair: D:8-11

Altars:
Ashenzari
Cheibriados
Elyvilon
Fedhas
Hepliaklqana
Kikubaaqudgha
Makhleb
Nemelex Xobeh
Okawaru
Qazlal
Ru
Sif Muna
Trog
Uskayaw
Vehumet
Wu Jian
Xom
Yredelemnul
Zin
The Shining One


Innate Abilities, Weirdness & Mutations

You have very sharp teeth.
Your uncanny sense of smell can sniff out nearby items.
Your experience applies equally to all skills.


Message History

Beogh smites you!
You barely miss the orc warrior.
The orc warrior is heavily wounded.
The orc warrior hits you with a +0 war axe!
You are too injured to fight recklessly!
You are too injured to fight recklessly!
You are too injured to fight recklessly!
You are too injured to fight recklessly!
You are too injured to fight recklessly!
You are too injured to fight recklessly!
You are too injured to fight recklessly!
Unknown command.
You are too injured to fight recklessly!
You are too injured to fight recklessly!
You are too injured to fight recklessly!
You are too injured to fight recklessly!
Unknown command.
You hit the orc priest. Your bite misses the orc priest.
The orc priest is moderately wounded.
You block the orc priest's attack.
The orc warrior hits you with a +0 war axe!
* * * LOW HITPOINT WARNING * * *
You puncture the orc priest!
The orc priest is almost dead.
The orc priest mumbles some strange prayers to Beogh against you.
Pain shoots through your body!
* * * LOW HITPOINT WARNING * * *
The orc warrior closely misses you.
You hit the orc priest.
You kill the orc priest!
Cheibriados thoroughly appreciates the change of pace.
Unknown command.
You barely miss the orc wizard.
You bite the orc wizard, but do no damage.
The orc wizard is moderately wounded.
You kill the orc warrior!
Cheibriados appreciates the change of pace.
The orc priest calls down the wrath of Beogh upon you.
Beogh smites you!
You die...

###..........#
##.........##
###........#
##.......#
#.......#
#.......##
#........##
##...##...##
#######@).#
##o## #...#
#..o## .....#
.oo.o..(
...(o.(..##
......(..#
.(......##


You could see an orc priest and an orc wizard.

Vanquished Creatures
  Erica (D:8)
  Joseph (D:7)
  Sigmund (D:2)
  A wraith (D:6)
  Menkaure (D:7)
  A steam dragon (D:7)
  2 water moccasins
  Edmund (D:5)
  2 orc warriors
  2 ice beasts
  A necrophage (D:7)
  4 ogres
  2 centaurs
  A phantom (D:7)
  3 scorpions
  3 wights (D:7)
  A howler monkey (D:2)
  5 orc priests
  A centaur skeleton (D:7)
  3 hounds
  Crazy Yiuf (D:2)
  A jelly (D:6)
  Jessica (D:2)
  Ijyb (D:3)
  Terence (D:2)
  2 iguanas (D:6)
  Natasha (thrice) (D:4)
  2 killer bee zombies
  8 adders
  A howler monkey skeleton (D:4)
  A white imp (D:6)
  An adder skeleton (D:2)
  4 dart slugs
  30 orcs
  5 bats
  5 endoplasms
  4 giant cockroaches
  11 goblins
  5 hobgoblins
  8 jackals
  2 quokkas (D:2)
  9 ball pythons
  2 frilled lizards
  4 kobolds
  3 rats
152 creatures vanquished.

Vanquished Creatures (others)
  10 demonic plants (D:1)
  11 fungi (D:1)
  8 plants (D:1)
  A withered plant (D:1)
30 creatures vanquished.

Grand Total: 182 creatures vanquished

Notes
Turn   | Place    | Note
-------+----------+-------------------------------------------
     0 | D:1      | MirrMurr the Gnoll Hunter began the quest for the Orb.
     0 | D:1      | Reached XP level 1. HP: 20/20 MP: 1/1
   188 | D:1      | Reached XP level 2. HP: 26/26 MP: 2/2
   625 | D:1      | Reached XP level 3. HP: 27/31 MP: 3/3
  1016 | D:1      | Found a faded altar of an unknown god.
  1430 | D:2      | Reached skill level 1 in Invocations
  1754 | D:2      | Noticed Sigmund
  1805 | D:1      | Reached skill level 1 in Short Blades
  1805 | D:1      | Reached skill level 1 in Long Blades
  1805 | D:1      | Reached skill level 1 in Axes
  1805 | D:1      | Reached skill level 1 in Maces & Flails
  1805 | D:1      | Reached skill level 1 in Polearms
  1805 | D:1      | Reached skill level 1 in Staves
  1805 | D:1      | Reached skill level 1 in Slings
  1805 | D:1      | Reached skill level 1 in Bows
  1805 | D:1      | Reached skill level 1 in Crossbows
  1805 | D:1      | Reached skill level 1 in Armour
  1805 | D:1      | Reached skill level 1 in Shields
  1805 | D:1      | Reached skill level 1 in Unarmed Combat
  1805 | D:1      | Reached skill level 1 in Spellcasting
  1805 | D:1      | Reached skill level 1 in Evocations
  1949 | D:2      | Reached XP level 4. HP: 31/38 MP: 5/5
  1950 | D:2      | Reached skill level 1 in Conjurations
  1950 | D:2      | Reached skill level 1 in Hexes
  1950 | D:2      | Reached skill level 1 in Summonings
  1950 | D:2      | Reached skill level 1 in Necromancy
  1950 | D:2      | Reached skill level 1 in Translocations
  1950 | D:2      | Reached skill level 1 in Transmutations
  1950 | D:2      | Reached skill level 1 in Fire Magic
  1950 | D:2      | Reached skill level 1 in Ice Magic
  1950 | D:2      | Reached skill level 1 in Air Magic
  1950 | D:2      | Reached skill level 1 in Earth Magic
  1950 | D:2      | Reached skill level 1 in Poison Magic
  2193 | D:2      | Noticed Terence
  2206 | D:2      | Killed Terence
  2207 | D:2      | Reached XP level 5. HP: 36/43 MP: 7/7
  2279 | D:2      | Found an ancient bone altar of Kikubaaqudgha.
  2356 | D:2      | Noticed Jessica
  2367 | D:2      | Killed Jessica
  2628 | D:2      | Found a runed translucent door.
  2629 | D:2      | Noticed Crazy Yiuf
  3002 | D:2      | Killed Sigmund
  3003 | D:2      | Reached skill level 5 in Fighting
  3003 | D:2      | Reached skill level 5 in Dodging
  3003 | D:2      | Reached XP level 6. HP: 27/51 MP: 9/9
  3581 | D:2      | Killed Crazy Yiuf
  3842 | D:3      | Found a bloodstained altar of Trog.
  4134 | D:3      | Noticed Ijyb
  4148 | D:3      | Reached XP level 7. HP: 26/56 MP: 10/10
  4155 | D:3      | Killed Ijyb
  4373 | D:3      | Found a white marble altar of Elyvilon.
  4902 | D:3      | Found an ornate altar of the Wu Jian Council.
  5087 | D:4      | Found a stormy altar of Qazlal.
  5130 | D:4      | Noticed Natasha
  5145 | D:4      | Killed Natasha
  5165 | D:4      | Noticed Natasha
  5169 | D:4      | Killed Natasha
  5356 | D:4      | Found a blossoming altar of Fedhas.
  5894 | D:4      | Noticed Natasha
  5904 | D:4      | Killed Natasha
  6013 | D:5      | Entered Level 5 of the Dungeon
  6087 | D:5      | Reached skill level 9 in Throwing
  6125 | D:5      | Found a hide-covered altar of Uskayaw.
  6197 | D:5      | Found a shimmering altar of Xom.
  6527 | D:5      | Reached XP level 8. HP: 63/63 MP: 12/12
  6588 | D:5      | Found a broken altar of Ashenzari.
  6725 | D:5      | Noticed Edmund
  6753 | D:5      | Killed Edmund
  7198 | D:6      | Noticed a wraith
  7236 | D:6      | Killed a wraith
  7639 | D:6      | Found a staircase to the Ecumenical Temple.
  7648 | Temple   | Entered the Ecumenical Temple
  7967 | Temple   | Became a worshipper of Cheibriados the Contemplative
  8021 | D:6      | Found a basalt altar of Yredelemnul.
  8329 | D:6      | Reached XP level 9. HP: 62/69 MP: 14/14
  8435 | D:6      | Found an iron altar of Okawaru.
  8443 | D:6      | Learned a level 4 spell: Leda's Liquefaction
  8755 | D:6      | Learned a level 3 spell: Portal Projectile
  9318 | D:7      | Noticed Menkaure
  9322 | D:7      | Killed Menkaure
  9581 | D:7      | Reached * piety under Cheibriados
  9582 | D:7      | Reached skill level 5 in Stealth
 10291 | D:7      | Reached skill level 5 in Invocations
 10447 | D:7      | Noticed Joseph
 10463 | D:7      | Killed Joseph
 10968 | D:8      | Learned a level 2 spell: Poisonous Vapours
 10990 | D:8      | Noticed Erica
 11023 | D:8      | Killed Erica
 11024 | D:8      | Reached skill level 5 in Short Blades
 11024 | D:8      | Reached skill level 5 in Long Blades
 11024 | D:8      | Reached skill level 5 in Axes
 11024 | D:8      | Reached skill level 5 in Maces & Flails
 11024 | D:8      | Reached skill level 5 in Polearms
 11024 | D:8      | Reached skill level 5 in Staves
 11024 | D:8      | Reached skill level 5 in Slings
 11024 | D:8      | Reached skill level 5 in Bows
 11024 | D:8      | Reached skill level 5 in Crossbows
 11024 | D:8      | Reached skill level 5 in Armour
 11024 | D:8      | Reached skill level 5 in Shields
 11024 | D:8      | Reached skill level 5 in Unarmed Combat
 11024 | D:8      | Reached skill level 5 in Spellcasting
 11024 | D:8      | Reached skill level 5 in Evocations
 11024 | D:8      | Reached XP level 10. HP: 42/77 MP: 17/17
 11266 | D:8      | Killed from afar by an orc priest

Illustrated notes

Levels and vault maps discovered:
D:1:      minmay_arrival_open_corners, layout_rooms,
          shapermc_ecumenical_altar_gd, minmay_close_crescents
D:2:      layout_basic, basic_altar, uniq_sigmund, uniq_crazy_yiuf_cottage,
          uniq_terence, uniq_jessica
D:3:      layout_basic, mainiacjoe_overflow_six_doors_small, lemuel_tele_altar,
          pdpol_wu_jian_five_deadly_venoms, uniq_ijyb
D:4:      layout_basic, nicolae_qazlal_scattered_showers,
          mainiacjoe_overflow_24_doors, uniq_natasha
D:5:      layout_rooms, mainiacjoe_overflow_boulevard, amcnicky_altar_gilded,
          kennysheep_mini, uniq_edmund
D:6:      layout_rooms, minmay_temple_entry_junction, hangedman_feature_mirror
D:7:      layout_loops_corners, uniq_joseph, uniq_menkaure
D:8:      layout_cave_pods, mainiacjoe_overflow_tiny_flanked, enter_bailey_5,
          minmay_starry_boxes, uniq_erica
Temple:   compressed_dpeg_triangle_lava_temple

Skill      XL: |  1  2  3  4  5  6  7  8  9 |
---------------+----------------------------+-----
Invocations    | 1 2 3 4 5 |  5.5
Short Blades   | 1 2 3 5 |  5.0
Long Blades    | 1 2 3 5 |  5.0
Axes           | 1 2 3 5 |  5.0
Maces & Flails | 1 2 3 5 |  5.0
Polearms       | 1 2 3 5 |  5.0
Staves         | 1 2 3 5 |  5.0
Slings         | 1 2 3 5 |  5.0
Bows           | 1 2 3 5 |  5.0
Crossbows      | 1 2 3 5 |  5.0
Armour         | 1 2 3 5 |  5.0
Shields        | 1 2 3 5 |  5.0
Unarmed Combat | 1 2 3 5 |  5.0
Spellcasting   | 1 2 3 5 |  5.0
Evocations     | 1 2 3 5 |  5.0
Conjurations   | 1 2 3 4 |  4.1
Hexes          | 1 2 3 4 |  4.1
Summonings     | 1 2 3 4 |  4.1
Necromancy     | 1 2 3 4 |  4.1
Translocations | 1 2 3 4 |  4.1
Transmutations | 1 2 3 4 |  4.1
Fire Magic     | 1 2 3 4 |  4.1
Ice Magic      | 1 2 3 4 |  4.1
Air Magic      | 1 2 3 4 |  4.1
Earth Magic    | 1 2 3 4 |  4.1
Poison Magic   | 1 2 3 4 |  4.1
Fighting       | 5 6 |  6.9
Dodging        | 5 6 |  6.9
Stealth        | 3 4 5 |  5.6
Throwing       | 9 |  9.9

Action                   |  1- 3 |  4- 6 |  7- 9 | 10-12 || total
-------------------------+-------+-------+-------+-------++-------
Melee: Short sword       |   174 |     1 |       |       ||   175
       Bite              |    15 |     4 |    31 |     2 ||    52
       Punch             |     1 |       |     8 |     1 ||    10
       Spear             |       |    54 |   281 |    14 ||   349
       Long sword        |       |     7 |    28 |       ||    35
Throw: Stone             |    11 |    55 |   215 |    10 ||   291
       Javelin           |     2 |     7 |    38 |       ||    47
       Throwing net      |       |     1 |     1 |       ||     2
Evoke: Wand              |       |       |     3 |       ||     3
  Use: Scroll            |       |     3 |    15 |       ||    18
       Potion            |       |       |     4 |       ||     4
 Stab: Sleeping          |     2 |     1 |     1 |       ||     4
       Held in net/web   |       |       |     2 |       ||     2
Armor: Leather armour    |    60 |     7 |     2 |       ||    69
       Ring mail         |       |       |    45 |       ||    45
       Steam dragon scal |       |       |     7 |     2 ||     9
Dodge: Dodged            |   149 |    34 |   134 |     6 ||   323
Block: Other             |       |       |    48 |     1 ||    49
       Reflection        |       |       |     3 |       ||     3

Table legend: (Time is in decaauts)
 A = Elapsed time spent in this place.
 B = Non-inter-level travel time spent in this place.
 C = Inter-level travel time spent in this place.
 D = Time resting spent in this place.
 E = Time spent auto-exploring this place.
 F = Levels seen in this place.
 G = Mean time per level.
                   A        B        C        D        E       F      G
               +--------+--------+--------+--------+--------+-----+--------+
         Total |  11733 |  11009 |    724 |     51 |   9217 |   9 | 1303.7 |
       Dungeon |  11405 |  10713 |    692 |     51 |   8928 |   8 | 1425.6 |
        Temple |    328 |    297 |     31 |      0 |    289 |   1 |  328.0 |
               +--------+--------+--------+--------+--------+-----+--------+

Top non-repeatable levels by time:
     D:2: 2254 daAuts
     D:7: 2175 daAuts
     D:6: 1863 daAuts
     D:1: 1593 daAuts
     D:3: 1233 daAuts
     D:4: 1019 daAuts
     D:5: 876 daAuts
     D:8: 388 daAuts
  Temple: 328 daAuts
